AoeStats
← f.bdz

Black Forest

510353361Analyzed
2v2 RM · 19h ago on Sep 30, 2026· 21m 43s· 4 players
Game mode
Random Map
Map size
Medium (4 player)
Population
200
Speed
Normal
Resources
Standard
Victory
Conquest
Starting age
Dark Age
Ending age
Imperial Age
RankedLock teamsTeams togetherTeam positionsShared explorationLock speedFull tech treeHidden civsTurbo modeCheats
Victory
Defeat
🇺🇸 Portuguese · United States
1122
+13
🇺🇸 Danes · United States
1048
+16
🇧🇷 Japanese · Brazil
1111
-17
🇬🇷 Dravidians · Greece
997
-12
HartyHart
13:46 Feudal Age
14:41 Man-at-Arms
15:48 Gold Mining
15:39 Horse Collar
15:49 Double-Bit Axe
16:28 Arson
18:26 Loom
19:23 Scale Mail Armor
22:44 Castle Age
X Saint
0:48 Loom
12:34 Feudal Age
f.bdz
5:59 Loom
8:39 Feudal Age
Denys
1:14 Loom
15:56 Feudal Age
Connection lost

Rejoining the realm…

Still unreachable

The connection could not be restored.

Session expired

The server has moved on; the page needs a fresh start.